 Dungeon Crawl Stone Soup version 0.22-a0-293-gc9362ec (webtiles) character file.

35 wvc the Cudgeler (level 3, -1/26 HPs)
             Began as a Barachi Wanderer on Mar 24, 2018.
             Slain by a hobgoblin
             ... wielding a +0 club
              (5 damage)
             ... on level 2 of the Dungeon.
             The game lasted 00:02:57 (927 turns).

wvc the Cudgeler (Barachi Wanderer)                  Turns: 927, Time: 00:02:57

Health: -1/26      AC:  5    Str: 12    XL:     3   Next: 33%
Magic:  7/7        EV: 10    Int: 14    God:
Gold:   40         SH:  0    Dex: 11    Spells: 8/8 levels left

rFire    . . .     SeeInvis .   l - +0 whip
rCold    . . .     Gourm    .   (no shield)
rNeg     . . .     Faith    .   g - +0 ring mail
rPois    .         Spirit   .   (no helmet)
rElec    .         Reflect  .   (no cloak)
rCorr    .         Harm     .   (no gloves)
MR       .....                  (no boots)
Stlth    +.........             (no amulet)
HPRegen  0.08/turn              (no ring)
MPRegen  0.10/turn              (no ring)

@: slow
A: +LOS, swims, slowness 1, strong legs 1
a: Hop


You were on level 2 of the Dungeon.
You were hungry.

You visited 1 branch of the dungeon, and saw 2 of its levels.

You collected 40 gold pieces.

Inventory:

Hand Weapons
 l - a +0 whip (weapon)
Armour
 g - a +0 ring mail (worn)
Scrolls
 a - a scroll of identify {unknown}
 b - a scroll of teleportation
 c - a scroll of immolation {unknown}
 e - 3 scrolls of noise {unknown}
 h - 2 scrolls of amnesia {unknown}
 m - a scroll of random uselessness {unknown}
Potions
 d - a potion of flight {unknown}
 i - a potion of haste {unknown}
 k - a potion of might {unknown}
Comestibles
 f - 3 rations


   Skills:
 - Level 1.2 Fighting
 + Level 3.5 Maces & Flails
 - Level 1.0 Throwing
 - Level 1.2 Armour
   Level 1.1 Shields
 - Level 3.2 Spellcasting
   Level 2.1 Transmutations


You had 8 spell levels left.
You didn't know any spells.

Dungeon Overview and Level Annotations

Branches:
Dungeon (2/15)

Altars:


Innate Abilities, Weirdness & Mutations

Shadows flee at your approach. (+LOS)
You can swim through water.
You cover ground slowly.
You can hop short distances.


Message History

You kill the kobold!
The hobgoblin hits you with a club. The hobgoblin barely misses you.
Things that are here:
an enchanted whip; a kobold corpse The hobgoblin hits you with a club.
You barely miss the hobgoblin. The hobgoblin hits you with a club.
* * * LOW HITPOINT WARNING * * *
Your ring mail prevents you from hitting the hobgoblin.
You hit the hobgoblin.
The hobgoblin is lightly wounded.
The hobgoblin hits you with a club.
* * * LOW HITPOINT WARNING * * *
You hit the hobgoblin but do no damage.
The hobgoblin hits you but does no damage.
You barely miss the hobgoblin. The hobgoblin barely misses you.
You hit the hobgoblin.
The hobgoblin is heavily wounded.
The hobgoblin hits you with a club.
You die...

###
######+#....
#.((.......#
#..<........
#..g.......#
#..@.......#
+...........
#..........#
#..........#
#..........#
#..........#
..##########
... ...


You could see a hobgoblin.

Vanquished Creatures
  2 dart slugs (D:1)
  A bat (D:1)
  A giant cockroach (D:1)
  4 goblins (D:1)
  A hobgoblin (D:1)
  8 jackals (D:1)
  A frilled lizard (D:1)
  4 kobolds
  6 rats (D:1)
28 creatures vanquished.

Notes
Turn   | Place    | Note
-------+----------+-------------------------------------------
     0 | D:1      | wvc the Barachi Wanderer began the quest for the Orb.
     0 | D:1      | wvc set off with: a scroll of teleportation, a +0 robe, a +0 club, a ration
     0 | D:1      | Reached XP level 1. HP: 15/15 MP: 4/4
   113 | D:1      | Reached XP level 2. HP: 14/21 MP: 6/6
   444 | D:1      | Reached XP level 3. HP: 26/26 MP: 7/7
   927 | D:2      | Slain by a hobgoblin

Vault maps used:
D:1:      minmay_arrival_shattered_statue
D:2:      cheibriados_altar_1, nicolae_overflow_hidden_temple,
          minmay_splitting_lines

Skill      XL: |  1  2 |
---------------+-------+-----
Maces & Flails | 2 3 |  3.5
Fighting       | |  1.2
Throwing       | |  1.0
Armour         | |  1.2
Shields        | |  1.1
Spellcasting   | |  3.2
Transmutations | |  2.1

Action                   || total
-------------------------++-------
Melee: Club              ||    85
       Whip              ||    43
Armor: Robe              ||     3
       Ring mail         ||    59
Dodge: Dodged            ||    75

Table legend:
 A = Spawn XP
 B = Non-spawn XP
 C = Spawn XP percentage of total XP
 D = Spawn monster count
 E = Non-spawn monster count
 F = Spawn count percentage of total count
 G = Total turns spent on level
                    A         B        C        D         E        F      G
               +---------+---------+-------+---------+---------+-------+---------
         Total |       0 |      50 |   0.0 |       0 |      28 |   0.0 |   927
               +---------+---------+-------+---------+---------+-------+---------
           D:1 |       0 |      49 |   0.0 |       0 |      27 |   0.0 |   905
           D:2 |       0 |       1 |   0.0 |       0 |       1 |   0.0 |    22
               +---------+---------+-------+---------+---------+-------+---------
